Kings vs Wild

Created - January 24, 2017 at 18:45

Goals
1 2 3 T
Kings 0 1 0 1
Wild 2 2 0 4
Shots
1 2 3 T
Kings 10 6 8 24
Wild 12 10 4 26

1st period

1. Wild , Jason Spezza 27 (Kyle Okposo) at 5:09
2. Wild , Kyle Okposo 28 (Jason Spezza, Jeff Petry) at 15:13

Penalties :
Alexander Edler (MIN) for Holding (Minor) at 0:42, Fedor Tyutin (LOS) for Roughing (Minor) at 11:17, Alexander Edler (MIN) for Hooking (Minor) at 18:17

2nd period

3. Wild , Alex Biega 1 (Markus Granlund, Taylor Fedun) at 2:21
4. Kings , Patrik Berglund 13 (Niklas Kronwall, Dan Hamhuis) at 5:37
5. Wild , Riley Nash 3 (Alexander Edler) at 8:57 (PP)

Penalties :
Kyle Okposo (MIN) for Tripping (Minor) at 6:09, Derek MacKenzie (LOS) for Holding (Minor) at 8:51, Kyle Okposo (MIN) for Fighting (Major) at 17:04, Chris Kunitz (LOS) for Fighting (Major) at 17:04, Chris Kunitz (LOS) for instigated a fight (Game Misconduct) at 17:04, Micheal Haley (MIN) for High sticking (Minor) at 19:06

3rd period

No Goal

Penalties :
No Penalty

Goalie Stats

Scott Wedgewood (LOS), 11 saves from 11 shots - (1.000), 31:03 minutes
Steve Mason (LOS), 11 saves from 15 shots - (0.733), L, 27-15-3, 28:57 minutes
Ben Bishop (MIN), 23 saves from 24 shots - (0.958), W, 17-15-5, 60:00 minutes

Players Stats for Kings

Player Name              G  A  P  +/- PIM S  H  SB GA TA FO     MP     PP MP  PK MP  
------------------------------------------------------------------------------------
Chris Kunitz             0  0  0   1  17  0  2  0  0  0  0/1     6:22   0:00   0:00 
Colton Sceviour          0  0  0   1  0   0  0  0  0  0  0/1    12:00   0:00   1:44 
Dan Hamhuis              0  1  1  -1  0   1  0  1  0  0  0/0    22:55   3:34   2:26 
Daniel Sedin             0  0  0  -1  0   5  0  0  0  0  2/2    21:56   3:35   0:32 
Derek MacKenzie          0  0  0  -1  2   0  0  0  0  0  5/13    7:15   0:00   2:20 
Evgeny Medvedev          0  0  0  -1  0   0  0  0  0  0  0/0    14:29   0:00   0:28 
Fedor Tyutin             0  0  0   0  2   0  1  2  0  0  0/0    17:43   0:00   0:40 
Griffin Reinhart         0  0  0   0  0   0  3  1  0  0  0/0    18:51   0:00   1:47 
J.T. Brown               0  0  0  -1  0   3  0  0  0  0  0/0     7:22   0:00   2:26 
Jonathan Toews           0  0  0  -1  0   3  2  0  0  0  13/25  21:24   3:35   0:00 
Mikael Granlund          0  0  0  -1  0   2  0  0  0  0  10/20  19:20   4:21   0:00 
Niklas Kronwall          0  1  1  -1  0   1  0  0  0  0  0/0    24:04   4:22   2:47 
Patrik Berglund          1  0  1   1  0   1  1  0  0  0  7/13   15:43   4:21   1:06 
Scott Hartnell           0  0  0  -1  0   0  3  0  0  0  0/0    18:34   3:35   0:00 
Stephen Johns            0  0  0  -1  0   1  2  2  0  0  0/0    14:01   0:00   0:00 
Tomas Tatar              0  0  0  -1  0   3  0  0  0  0  2/2    22:11   4:22   0:00 
Victor Rask              0  0  0  -1  0   1  0  0  0  0  0/2    19:20   4:21   0:00 
Zemgus Girgensons        0  0  0  -1  0   3  1  0  0  0  0/0    12:23   3:34   0:00 

Players Stats for Wild

Player Name              G  A  P  +/- PIM S  H  SB GA TA FO     MP     PP MP  PK MP  
------------------------------------------------------------------------------------
Alex Biega               1  0  1   1  0   1  3  0  0  0  0/0    16:59   0:00   4:26 
Alexander Edler          0  1  1   0  4   1  6  2  0  0  0/0    22:01   1:44   1:34 
Carl Gunnarsson          0  0  0   0  0   0  1  3  0  0  0/0    22:43   0:00   3:58 
Colin McDonald           0  0  0   0  0   0  0  0  0  0  0/0     7:26   0:49   2:24 
Jason Pominville         0  0  0   0  0   1  0  2  0  0  1/2    18:26   1:44   0:16 
Jason Spezza             1  1  2   2  0   5  1  0  0  0  16/25  20:03   2:20   0:00 
Jeff Petry               0  1  1   1  0   1  2  1  0  0  0/0    22:56   2:20   3:54 
Jimmy Hayes              0  0  0   0  0   1  2  1  0  0  0/0     9:38   0:00   0:00 
Kyle Clifford            0  0  0   0  0   1  0  0  0  0  0/0     9:41   0:00   5:28 
Kyle Okposo              1  1  2   2  7   4  4  0  0  0  1/1    18:19   1:09   0:00 
Marian Gaborik           0  0  0   0  0   2  0  0  0  0  1/1    11:22   1:44   0:00 
Mark Streit              0  0  0   1  0   0  0  2  0  0  0/0    20:22   1:44   1:56 
Markus Granlund          0  1  1   0  0   3  0  0  0  0  12/21  14:54   0:00   5:16 
Micheal Haley            0  0  0   0  2   0  0  0  0  0  2/5     4:12   0:00   0:00 
Riley Nash               1  0  1   0  0   2  1  0  0  0  5/21   21:05   1:44   2:24 
Sven Baertschi           0  0  0   0  0   1  0  0  0  0  1/2    16:52   0:22   0:04 
Tanner Pearson           0  0  0   2  0   3  1  0  0  0  1/1    20:03   2:20   0:00 
Taylor Fedun             0  1  1   1  0   0  1  0  0  0  0/0    14:57   2:20   0:04 

3 Stars

1 - Jason Spezza (MIN)
2 - Ben Bishop (MIN)
3 - Alex Biega (MIN)

Power Play

Kings - 0 on 4 Attempt(s) - 0.00%
Wild - 1 on 3 Attempt(s) - 33.33%

Penalty Kill

Kings - 2 on 3 Attempt(s) - 66.67% - Score 0 goal in Penalty Kill
Wild - 4 on 4 Attempt(s) - 100.00% - Score 0 goal in Penalty Kill

Team Stat

Kings - Hits : 15 - Faceoff Wins : 39 - Blocked Shots : 6 - Penalty Minutes : 21
Wild - Hits : 22 - Faceoff Wins : 40 - Blocked Shots : 11 - Penalty Minutes : 13

Official

Referees : Evgeny Romasko and Dan O'Rourke
Linesman : John Grandt and Derek Amell

Game Notes

Scott Wedgewood enters game at 8:57 of 2nd period
Kyle Okposo and Chris Kunitz fight to a draw at 17:04 of 2nd period
Chris Kunitz ejected from game at 17:04 of 2nd period

Finance

Level 1 -- Attendance: 6047 (93.03%) -- Ticket Income $665,170
Level 2 -- Attendance: 4745 (94.90%) -- Ticket Income $355,875
Level 3 -- Attendance: 3188 (91.09%) -- Ticket Income $178,528
Level 4 -- Attendance: 1954 (100.00%) -- Ticket Income $78,160
Luxury Box -- Attendance: 1000 (100.00%) -- Ticket Income $199,000
Game was played at the Xcel Energy Center.
Total Attendance: 16934 (94.32%)
Total Ticket Income: $1,476,733
Other Income: $221,510
Total Income: $1,698,243

% Time on Ice - Kings

Lines # - Real PCT - Wanted PCT - Time Play
Normal Forward
1 - 37% - 40% - 17:49
2 - 31% - 30% - 14:59
3 - 21% - 20% - 10:16
4 - 10% - 10% - 4:56
Normal Defense
1 - 35% - 40% - 16:55
2 - 36% - 30% - 17:04
3 - 29% - 20% - 14:01
4 - 0% - 10% - 0:00
PP Forward
1 - 45% - 60% - 3:35
2 - 55% - 40% - 4:21
PP Defense
1 - 55% - 60% - 4:22
2 - 45% - 40% - 3:34
PK Forward
1 - 73% - 60% - 2:58
2 - 27% - 40% - 1:06
PK Defense
1 - 45% - 60% - 1:49
2 - 55% - 40% - 2:15
PK3 Forward
1 - 0% - 60%
2 - 0% - 40%
PK3 Defense
1 - 0% - 60%
2 - 0% - 40%
44 Forward
1 - 0% - 60%
2 - 0% - 40%
44 Defense
1 - 0% - 60%
2 - 0% - 40%
Last Minute Offensive  - 0:00
Last Minute Defensive  - 0:00
Total
Forward - 60:00
Defense - 60:00

% Time on Ice - Wild

Lines # - Real PCT - Wanted PCT - Time Play
Normal Forward
1 - 37% - 42% - 17:43
2 - 34% - 38% - 16:26
3 - 20% - 17% - 9:38
4 - 9% - 3% - 4:13
Normal Defense
1 - 39% - 43% - 18:45
2 - 35% - 37% - 16:42
3 - 26% - 15% - 12:33
4 - 0% - 5% - 0:00
PP Forward
1 - 57% - 50% - 2:20
2 - 43% - 50% - 1:44
PP Defense
1 - 43% - 50% - 1:44
2 - 57% - 50% - 2:20
PK Forward
1 - 70% - 58% - 5:32
2 - 30% - 42% - 2:24
PK Defense
1 - 50% - 53% - 3:58
2 - 50% - 47% - 3:58
PK3 Forward
1 - 0% - 50%
2 - 0% - 50%
PK3 Defense
1 - 0% - 55%
2 - 0% - 45%
44 Forward
1 - 0% - 55%
2 - 0% - 45%
44 Defense
1 - 0% - 55%
2 - 0% - 45%
Last Minute Offensive  - 0:00
Last Minute Defensive  - 0:00
Total
Forward - 60:00
Defense - 60:00

Play by Play

1st period


0:01 of 1st period - Jason Spezza wins face-off versus Jonathan Toews in neutral zone.
0:42 of 1st period - Shot by Jonathan Toews.
0:42 of 1st period - Stopped by Ben Bishop without a rebound.
0:42 of 1st period - Minor Penalty to Alexander Edler for Holding.
0:43 of 1st period - Markus Granlund wins face-off versus Mikael Granlund in Wild zone.
1:02 of 1st period - Shot by Patrik Berglund.
1:02 of 1st period - Shot Misses the Net.
1:04 of 1st period - Shot by Victor Rask.
1:04 of 1st period - Shot Hit the Post.
1:16 of 1st period - Shot by Zemgus Girgensons.
1:16 of 1st period - Shot Misses the Net.
2:07 of 1st period - Shot by Tomas Tatar.
2:07 of 1st period - Stopped by Ben Bishop without a rebound.
2:08 of 1st period - Mikael Granlund wins face-off versus Riley Nash in Wild zone.
2:23 of 1st period - Shot by Victor Rask.
2:23 of 1st period - Stopped by Ben Bishop without a rebound.
2:24 of 1st period - Jonathan Toews wins face-off versus Markus Granlund in Wild zone.
2:24 of 1st period - Jonathan Toews is hit by Carl Gunnarsson.
2:33 of 1st period - Jonathan Toews is hit by Alex Biega and loses puck.
2:36 of 1st period - Shot by Dan Hamhuis.
2:36 of 1st period - Stopped by Ben Bishop without a rebound.
2:37 of 1st period - Markus Granlund wins face-off versus Jonathan Toews in Wild zone.
2:49 of 1st period - J.T. Brown is hit by Alex Biega and loses puck.
3:03 of 1st period - Shot by J.T. Brown.
3:03 of 1st period - Stopped by Ben Bishop without a rebound.
3:04 of 1st period - Mikael Granlund wins face-off versus Jason Spezza in Wild zone.
3:19 of 1st period - Shot by Scott Hartnell.
3:19 of 1st period - Shot Blocked by Mark Streit.
3:33 of 1st period - Shot by Scott Hartnell.
3:33 of 1st period - Shot Blocked by Mark Streit.
3:35 of 1st period - Shot by Stephen Johns.
3:35 of 1st period - Stopped by Ben Bishop without a rebound.
3:36 of 1st period - Tomas Tatar wins face-off versus Riley Nash in Wild zone.
4:47 of 1st period - Marian Gaborik is hit by Griffin Reinhart and loses puck.
5:01 of 1st period - Off-side.
5:02 of 1st period - Kyle Okposo wins face-off versus Mikael Granlund in neutral zone.
5:05 of 1st period - Shot by Tanner Pearson.
5:05 of 1st period - Stopped by Steve Mason without a rebound.
5:06 of 1st period - Jason Spezza wins face-off versus Mikael Granlund in Kings zone.
5:09 of 1st period - Shot by Jason Spezza.
5:09 of 1st period - Goal by Jason Spezza - Kings : 0 - Wild : 1.
5:10 of 1st period - Mikael Granlund wins face-off versus Jason Spezza in neutral zone.
5:51 of 1st period - Shot by Jason Spezza.
5:51 of 1st period - Stopped by Steve Mason with a rebound.
5:53 of 1st period - Shot by Mark Streit.
5:53 of 1st period - Shot Misses the Net.
6:07 of 1st period - Shot by Markus Granlund.
6:07 of 1st period - Stopped by Steve Mason with a rebound.
6:09 of 1st period - Shot by Marian Gaborik.
6:09 of 1st period - Shot Blocked by Fedor Tyutin.
6:27 of 1st period - Shot by Daniel Sedin.
6:27 of 1st period - Stopped by Ben Bishop without a rebound.
6:28 of 1st period - Jonathan Toews wins face-off versus Riley Nash in Wild zone.
6:41 of 1st period - Shot by Tomas Tatar.
6:41 of 1st period - Stopped by Ben Bishop without a rebound.
6:42 of 1st period - Micheal Haley wins face-off versus Patrik Berglund in Wild zone.
7:18 of 1st period - Alexander Edler is hit by Stephen Johns and loses puck.
8:01 of 1st period - Shot by Daniel Sedin.
8:01 of 1st period - Stopped by Ben Bishop with a rebound.
8:11 of 1st period - Shot by Daniel Sedin.
8:11 of 1st period - Shot Misses the Net.
9:26 of 1st period - Fedor Tyutin is hit by Kyle Okposo and loses puck.
9:38 of 1st period - Icing by Fedor Tyutin.
9:39 of 1st period - Markus Granlund wins face-off versus Mikael Granlund in Kings zone.
9:40 of 1st period - Shot by Jimmy Hayes.
9:40 of 1st period - Stopped by Steve Mason without a rebound.
9:41 of 1st period - Riley Nash wins face-off versus Chris Kunitz in Kings zone.
9:46 of 1st period - Shot by Sven Baertschi.
9:46 of 1st period - Deflect By Jason Pominville.
9:46 of 1st period - Shot Misses the Net.
10:47 of 1st period - Marian Gaborik is hit by Scott Hartnell and loses puck.
10:57 of 1st period - Marian Gaborik is hit by Griffin Reinhart and loses puck.
11:17 of 1st period - Minor Penalty to Fedor Tyutin for Roughing.
11:18 of 1st period - Jason Spezza wins face-off versus Derek MacKenzie in Kings zone.
11:41 of 1st period - Shot by Jeff Petry.
11:41 of 1st period - Stopped by Steve Mason without a rebound.
11:42 of 1st period - Derek MacKenzie wins face-off versus Riley Nash in Kings zone.
11:57 of 1st period - Shot by Riley Nash.
11:57 of 1st period - Deflect By Marian Gaborik.
11:57 of 1st period - Stopped by Steve Mason without a rebound.
11:58 of 1st period - Jason Spezza wins face-off versus Derek MacKenzie in Kings zone.
12:28 of 1st period - Shot by Taylor Fedun.
12:28 of 1st period - Shot Misses the Net.
13:31 of 1st period - Shot by Colin McDonald.
13:31 of 1st period - Shot Misses the Net.
14:19 of 1st period - Shot by Jimmy Hayes.
14:19 of 1st period - Shot Blocked by Griffin Reinhart.
14:47 of 1st period - Fedor Tyutin is hit by Jimmy Hayes and loses puck.
14:58 of 1st period - Shot by Kyle Okposo.
14:58 of 1st period - Stopped by Steve Mason without a rebound.
14:59 of 1st period - Derek MacKenzie wins face-off versus Jason Spezza in Kings zone.
14:59 of 1st period - Zemgus Girgensons is hit by Kyle Okposo and loses puck.
15:13 of 1st period - Shot by Kyle Okposo.
15:13 of 1st period - Goal by Kyle Okposo - Kings : 0 - Wild : 2.
15:14 of 1st period - Patrik Berglund wins face-off versus Riley Nash in neutral zone.
15:45 of 1st period - Shot by Chris Kunitz.
15:45 of 1st period - Shot Blocked by Jason Pominville.
15:47 of 1st period - Shot by Patrik Berglund.
15:47 of 1st period - Shot Blocked by Jason Pominville.
16:20 of 1st period - Off-side.
16:21 of 1st period - Jason Spezza wins face-off versus Mikael Granlund in neutral zone.
17:00 of 1st period - Shot by Kyle Okposo.
17:00 of 1st period - Stopped by Steve Mason without a rebound.
17:01 of 1st period - Jonathan Toews wins face-off versus Markus Granlund in Kings zone.
17:16 of 1st period - Shot by Jimmy Hayes.
17:16 of 1st period - Shot Misses the Net.
17:22 of 1st period - Shot by Jimmy Hayes.
17:22 of 1st period - Shot Misses the Net.
17:40 of 1st period - Shot by Markus Granlund.
17:40 of 1st period - Stopped by Steve Mason with a rebound.
17:42 of 1st period - Shot by Markus Granlund.
17:42 of 1st period - Shot Hit the Post.
17:55 of 1st period - Riley Nash is hit by Stephen Johns and loses puck.
18:08 of 1st period - Shot by Sven Baertschi.
18:08 of 1st period - Shot Misses the Net.
18:10 of 1st period - Shot by Riley Nash.
18:10 of 1st period - Stopped by Steve Mason without a rebound.
18:11 of 1st period - Jason Spezza wins face-off versus Derek MacKenzie in Kings zone.
18:17 of 1st period - Minor Penalty to Alexander Edler for Hooking.
18:18 of 1st period - Mikael Granlund wins face-off versus Markus Granlund in Wild zone.
18:29 of 1st period - Shot by Mikael Granlund.
18:29 of 1st period - Stopped by Ben Bishop with a rebound.
18:31 of 1st period - Shot by Patrik Berglund.
18:31 of 1st period - Shot Misses the Net.
18:56 of 1st period - Shot by Victor Rask.
18:56 of 1st period - Shot Hit the Post.
18:58 of 1st period - Shot by Zemgus Girgensons.
18:58 of 1st period - Shot Blocked by Jeff Petry.
Goals for this period are 0 for Kings vs 2 for Wild.
Shots for this period are 10 for Kings vs 12 for Wild.

2nd period


0:01 of 2nd period - Markus Granlund wins face-off versus Jonathan Toews in neutral zone.
0:17 of 2nd period - Daniel Sedin is hit by Jeff Petry.
0:19 of 2nd period - Shot by Zemgus Girgensons.
0:19 of 2nd period - Shot Misses the Net.
0:22 of 2nd period - Icing by Mark Streit.
0:23 of 2nd period - Jason Spezza wins face-off versus Derek MacKenzie in Wild zone.
0:50 of 2nd period - Icing by Kyle Okposo.
0:51 of 2nd period - Jonathan Toews wins face-off versus Jason Spezza in Wild zone.
1:22 of 2nd period - Icing by Mark Streit.
1:23 of 2nd period - Jason Spezza wins face-off versus Victor Rask in Wild zone.
2:05 of 2nd period - Shot by Jason Pominville.
2:05 of 2nd period - Stopped by Steve Mason without a rebound.
2:06 of 2nd period - Marian Gaborik wins face-off versus Jonathan Toews in Kings zone.
2:09 of 2nd period - Shot by Marian Gaborik.
2:09 of 2nd period - Deflect By Markus Granlund.
2:09 of 2nd period - Shot Misses the Net.
2:19 of 2nd period - Shot by Markus Granlund.
2:19 of 2nd period - Shot Misses the Net.
2:21 of 2nd period - Shot by Alex Biega.
2:21 of 2nd period - Goal by Alex Biega - Kings : 0 - Wild : 3.
2:22 of 2nd period - Patrik Berglund wins face-off versus Micheal Haley in neutral zone.
2:59 of 2nd period - Shot by Micheal Haley.
2:59 of 2nd period - Shot Misses the Net.
3:16 of 2nd period - Icing by Alexander Edler.
3:17 of 2nd period - Jonathan Toews wins face-off versus Jason Spezza in Wild zone.
3:31 of 2nd period - Jonathan Toews is hit by Alexander Edler and loses puck.
5:08 of 2nd period - Shot by J.T. Brown.
5:08 of 2nd period - Stopped by Ben Bishop without a rebound.
5:09 of 2nd period - Patrik Berglund wins face-off versus Markus Granlund in Wild zone.
5:31 of 2nd period - Shot by Patrik Berglund.
5:31 of 2nd period - Shot Misses the Net.
5:37 of 2nd period - Shot by Patrik Berglund.
5:37 of 2nd period - Goal by Patrik Berglund - Kings : 1 - Wild : 3.
5:38 of 2nd period - Jason Spezza wins face-off versus Jonathan Toews in neutral zone.
5:48 of 2nd period - Icing by Alexander Edler.
5:49 of 2nd period - Jason Spezza wins face-off versus Victor Rask in Wild zone.
6:09 of 2nd period - Minor Penalty to Kyle Okposo for Tripping.
6:10 of 2nd period - Markus Granlund wins face-off versus Jonathan Toews in Wild zone.
7:20 of 2nd period - Shot by Dan Hamhuis.
7:20 of 2nd period - Shot Misses the Net.
7:22 of 2nd period - Shot by Dan Hamhuis.
7:22 of 2nd period - Shot Blocked by Alexander Edler.
7:24 of 2nd period - Shot by Zemgus Girgensons.
7:24 of 2nd period - Stopped by Ben Bishop without a rebound.
7:25 of 2nd period - Mikael Granlund wins face-off versus Riley Nash in Wild zone.
8:42 of 2nd period - Zemgus Girgensons is hit by Jason Spezza.
8:51 of 2nd period - Minor Penalty to Derek MacKenzie for Holding.
8:52 of 2nd period - Riley Nash wins face-off versus Colton Sceviour in Kings zone.
8:57 of 2nd period - Shot by Riley Nash.
8:57 of 2nd period - Goal by Riley Nash - Kings : 1 - Wild : 4.
8:57 of 2nd period - Scott Wedgewood enters game.
8:58 of 2nd period - Patrik Berglund wins face-off versus Riley Nash in neutral zone.
9:58 of 2nd period - Jason Spezza is hit by Scott Hartnell and loses puck.
10:04 of 2nd period - Icing by Tanner Pearson.
10:05 of 2nd period - Jason Spezza wins face-off versus Jonathan Toews in Wild zone.
10:09 of 2nd period - Taylor Fedun is hit by Griffin Reinhart and loses puck.
10:22 of 2nd period - Shot by Tomas Tatar.
10:22 of 2nd period - Stopped by Ben Bishop without a rebound.
10:23 of 2nd period - Markus Granlund wins face-off versus Mikael Granlund in Wild zone.
10:23 of 2nd period - Markus Granlund is hit by Scott Hartnell.
10:39 of 2nd period - Shot by Marian Gaborik.
10:39 of 2nd period - Stopped by Scott Wedgewood with a rebound.
10:41 of 2nd period - Shot by Markus Granlund.
10:41 of 2nd period - Stopped by Scott Wedgewood without a rebound.
10:42 of 2nd period - Jonathan Toews wins face-off versus Riley Nash in Kings zone.
10:47 of 2nd period - Sven Baertschi is hit by Jonathan Toews and loses puck.
11:08 of 2nd period - Shot by Daniel Sedin.
11:08 of 2nd period - Stopped by Ben Bishop without a rebound.
11:09 of 2nd period - Mikael Granlund wins face-off versus Jason Spezza in Wild zone.
11:15 of 2nd period - Off-side.
11:16 of 2nd period - Mikael Granlund wins face-off versus Jason Spezza in neutral zone.
11:32 of 2nd period - Shot by Tanner Pearson.
11:32 of 2nd period - Shot Misses the Net.
11:34 of 2nd period - Shot by Kyle Okposo.
11:34 of 2nd period - Shot Hit the Post.
12:11 of 2nd period - Off-side.
12:12 of 2nd period - Jonathan Toews wins face-off versus Riley Nash in neutral zone.
12:38 of 2nd period - Riley Nash is hit by Fedor Tyutin.
13:24 of 2nd period - Icing by Chris Kunitz.
13:25 of 2nd period - Jason Spezza wins face-off versus Patrik Berglund in Kings zone.
13:34 of 2nd period - Shot by Tanner Pearson.
13:34 of 2nd period - Stopped by Scott Wedgewood with a rebound.
13:56 of 2nd period - Shot by Kyle Okposo.
13:56 of 2nd period - Shot Misses the Net.
13:58 of 2nd period - Shot by Kyle Okposo.
13:58 of 2nd period - Deflect By Jason Spezza.
13:58 of 2nd period - Stopped by Scott Wedgewood without a rebound.
13:59 of 2nd period - Markus Granlund wins face-off versus Mikael Granlund in Kings zone.
14:51 of 2nd period - Niklas Kronwall is hit by Jeff Petry and loses puck.
15:35 of 2nd period - Alexander Edler is hit by Jonathan Toews and loses puck.
16:07 of 2nd period - Icing by Carl Gunnarsson.
16:08 of 2nd period - Derek MacKenzie wins face-off versus Jason Pominville in Wild zone.
16:13 of 2nd period - Shot by J.T. Brown.
16:13 of 2nd period - Shot Blocked by Alexander Edler.
16:47 of 2nd period - Shot by Zemgus Girgensons.
16:47 of 2nd period - Stopped by Ben Bishop without a rebound.
16:48 of 2nd period - Tanner Pearson wins face-off versus Patrik Berglund in Wild zone.
16:48 of 2nd period - Tanner Pearson is hit by Chris Kunitz.
16:54 of 2nd period - Shot by Kyle Okposo.
16:54 of 2nd period - Deflect By Jason Spezza.
16:54 of 2nd period - Stopped by Scott Wedgewood with a rebound.
17:00 of 2nd period - Mark Streit is hit by Chris Kunitz and loses puck.
17:04 of 2nd period - Kyle Okposo and Chris Kunitz fight to a draw.
17:04 of 2nd period - Penalty to Kyle Okposo for Fighting.
17:04 of 2nd period - Penalty to Chris Kunitz for Fighting.
17:04 of 2nd period - Penalty to Chris Kunitz for instigated a fight.
17:04 of 2nd period - Chris Kunitz is ejected from game.
17:05 of 2nd period - Jason Spezza wins face-off versus Derek MacKenzie in Wild zone.
18:15 of 2nd period - Niklas Kronwall is hit by Alexander Edler.
18:53 of 2nd period - Shot by Taylor Fedun.
18:53 of 2nd period - Deflect By Tanner Pearson.
18:53 of 2nd period - Stopped by Scott Wedgewood without a rebound.
18:54 of 2nd period - Riley Nash wins face-off versus Derek MacKenzie in Kings zone.
18:55 of 2nd period - Shot by Alexander Edler.
18:55 of 2nd period - Stopped by Scott Wedgewood without a rebound.
18:56 of 2nd period - Jason Pominville wins face-off versus Derek MacKenzie in Kings zone.
19:06 of 2nd period - Minor Penalty to Micheal Haley for High sticking.
19:07 of 2nd period - Jonathan Toews wins face-off versus Markus Granlund in Wild zone.
Goals for this period are 1 for Kings vs 2 for Wild.
Shots for this period are 6 for Kings vs 10 for Wild.

3rd period


0:01 of 3rd period - Jonathan Toews wins face-off versus Markus Granlund in neutral zone.
0:21 of 3rd period - Shot by Daniel Sedin.
0:21 of 3rd period - Shot Misses the Net.
0:23 of 3rd period - Shot by Niklas Kronwall.
0:23 of 3rd period - Stopped by Ben Bishop without a rebound.
0:24 of 3rd period - Markus Granlund wins face-off versus Mikael Granlund in Wild zone.
0:24 of 3rd period - Markus Granlund is hit by Patrik Berglund.
0:31 of 3rd period - Icing by Dan Hamhuis.
0:32 of 3rd period - Mikael Granlund wins face-off versus Markus Granlund in Kings zone.
1:36 of 3rd period - Shot by Daniel Sedin.
1:36 of 3rd period - Stopped by Ben Bishop without a rebound.
1:37 of 3rd period - Markus Granlund wins face-off versus Patrik Berglund in Wild zone.
2:07 of 3rd period - Carl Gunnarsson is hit by Zemgus Girgensons and loses puck.
2:22 of 3rd period - Zemgus Girgensons is hit by Jimmy Hayes and loses puck.
3:07 of 3rd period - Shot by Jonathan Toews.
3:07 of 3rd period - Stopped by Ben Bishop without a rebound.
3:08 of 3rd period - Mikael Granlund wins face-off versus Riley Nash in Wild zone.
3:28 of 3rd period - Shot by Sven Baertschi.
3:28 of 3rd period - Shot Misses the Net.
3:50 of 3rd period - Icing by Riley Nash.
3:51 of 3rd period - Jonathan Toews wins face-off versus Riley Nash in Wild zone.
3:56 of 3rd period - Shot by Jonathan Toews.
3:56 of 3rd period - Deflect By Tomas Tatar.
3:56 of 3rd period - Shot Hit the Post.
4:40 of 3rd period - Shot by Jason Spezza.
4:40 of 3rd period - Shot Blocked by Dan Hamhuis.
4:59 of 3rd period - Icing by Daniel Sedin.
5:00 of 3rd period - Daniel Sedin wins face-off versus Markus Granlund in Kings zone.
5:14 of 3rd period - Icing by Niklas Kronwall.
5:15 of 3rd period - Tomas Tatar wins face-off versus Riley Nash in Kings zone.
5:15 of 3rd period - Tomas Tatar is hit by Riley Nash.
6:02 of 3rd period - Scott Hartnell is hit by Taylor Fedun and loses puck.
6:33 of 3rd period - Icing by Alex Biega.
6:34 of 3rd period - Riley Nash wins face-off versus Derek MacKenzie in Wild zone.
6:42 of 3rd period - Derek MacKenzie is hit by Alex Biega.
6:45 of 3rd period - Icing by Alex Biega.
6:46 of 3rd period - Patrik Berglund wins face-off versus Riley Nash in Wild zone.
7:47 of 3rd period - Shot by Tanner Pearson.
7:47 of 3rd period - Deflect By Jason Spezza.
7:47 of 3rd period - Shot Blocked by Stephen Johns.
8:27 of 3rd period - Shot by Scott Hartnell.
8:27 of 3rd period - Deflect By Mikael Granlund.
8:27 of 3rd period - Stopped by Ben Bishop without a rebound.
8:28 of 3rd period - Markus Granlund wins face-off versus Patrik Berglund in Wild zone.
8:32 of 3rd period - Off-side.
8:33 of 3rd period - Markus Granlund wins face-off versus Mikael Granlund in neutral zone.
8:50 of 3rd period - Off-side.
8:51 of 3rd period - Derek MacKenzie wins face-off versus Micheal Haley in neutral zone.
8:58 of 3rd period - Shot by J.T. Brown.
8:58 of 3rd period - Stopped by Ben Bishop with a rebound.
9:14 of 3rd period - Shot by Zemgus Girgensons.
9:14 of 3rd period - Stopped by Ben Bishop without a rebound.
9:15 of 3rd period - Jonathan Toews wins face-off versus Markus Granlund in Wild zone.
9:20 of 3rd period - Shot by Daniel Sedin.
9:20 of 3rd period - Stopped by Ben Bishop without a rebound.
9:21 of 3rd period - Daniel Sedin wins face-off versus Riley Nash in Wild zone.
9:22 of 3rd period - Shot by Jonathan Toews.
9:22 of 3rd period - Stopped by Ben Bishop without a rebound.
9:23 of 3rd period - Jason Spezza wins face-off versus Jonathan Toews in Wild zone.
9:44 of 3rd period - Shot by Daniel Sedin.
9:44 of 3rd period - Shot Blocked by Carl Gunnarsson.
9:50 of 3rd period - Shot by Jonathan Toews.
9:50 of 3rd period - Shot Misses the Net.
10:01 of 3rd period - Shot by Daniel Sedin.
10:01 of 3rd period - Shot Misses the Net.
10:14 of 3rd period - Niklas Kronwall is hit by Kyle Okposo and loses puck.
10:30 of 3rd period - Scott Hartnell is hit by Alexander Edler and loses puck.
10:34 of 3rd period - Mikael Granlund is hit by Alexander Edler and loses puck.
11:12 of 3rd period - Shot by Jason Pominville.
11:12 of 3rd period - Shot Blocked by Fedor Tyutin.
11:22 of 3rd period - Shot by Riley Nash.
11:22 of 3rd period - Shot Misses the Net.
11:28 of 3rd period - Shot by Jason Pominville.
11:28 of 3rd period - Deflect By Sven Baertschi.
11:28 of 3rd period - Shot Misses the Net.
11:30 of 3rd period - Shot by Riley Nash.
11:30 of 3rd period - Shot Misses the Net.
12:14 of 3rd period - Shot by Marian Gaborik.
12:14 of 3rd period - Shot Blocked by Stephen Johns.
12:21 of 3rd period - Icing by Zemgus Girgensons.
12:22 of 3rd period - Micheal Haley wins face-off versus Patrik Berglund in Kings zone.
12:54 of 3rd period - Shot by Kyle Clifford.
12:54 of 3rd period - Stopped by Scott Wedgewood without a rebound.
12:55 of 3rd period - Sven Baertschi wins face-off versus Jonathan Toews in Kings zone.
13:06 of 3rd period - Shot by Sven Baertschi.
13:06 of 3rd period - Stopped by Scott Wedgewood with a rebound.
13:11 of 3rd period - Icing by Daniel Sedin.
13:12 of 3rd period - Jason Spezza wins face-off versus Jonathan Toews in Kings zone.
13:18 of 3rd period - Icing by Dan Hamhuis.
13:19 of 3rd period - Jason Spezza wins face-off versus Jonathan Toews in Kings zone.
13:20 of 3rd period - Shot by Kyle Okposo.
13:20 of 3rd period - Stopped by Scott Wedgewood with a rebound.
13:22 of 3rd period - Shot by Carl Gunnarsson.
13:22 of 3rd period - Shot Misses the Net.
13:40 of 3rd period - Shot by Jason Spezza.
13:40 of 3rd period - Stopped by Scott Wedgewood without a rebound.
13:41 of 3rd period - Riley Nash wins face-off versus Mikael Granlund in Kings zone.
14:19 of 3rd period - Icing by Fedor Tyutin.
14:20 of 3rd period - Mikael Granlund wins face-off versus Jason Spezza in Kings zone.
14:20 of 3rd period - Mikael Granlund is hit by Kyle Okposo.
14:32 of 3rd period - Shot by Fedor Tyutin.
14:32 of 3rd period - Shot Blocked by Carl Gunnarsson.
14:49 of 3rd period - Icing by Niklas Kronwall.
14:50 of 3rd period - Markus Granlund wins face-off versus Jonathan Toews in Kings zone.
16:30 of 3rd period - Icing by Evgeny Medvedev.
16:31 of 3rd period - Derek MacKenzie wins face-off versus Riley Nash in Kings zone.
17:23 of 3rd period - Icing by Mark Streit.
17:24 of 3rd period - Jonathan Toews wins face-off versus Riley Nash in Wild zone.
17:32 of 3rd period - Off-side.
17:33 of 3rd period - Jonathan Toews wins face-off versus Jason Spezza in neutral zone.
17:37 of 3rd period - Dan Hamhuis is hit by Tanner Pearson and loses puck.
17:46 of 3rd period - Shot by Jonathan Toews.
17:46 of 3rd period - Shot Blocked by Carl Gunnarsson.
17:52 of 3rd period - Shot by Daniel Sedin.
17:52 of 3rd period - Shot Misses the Net.
18:00 of 3rd period - Shot by Tomas Tatar.
18:00 of 3rd period - Shot Misses the Net.
18:05 of 3rd period - Daniel Sedin is hit by Alexander Edler and loses puck.
18:11 of 3rd period - Daniel Sedin is hit by Alexander Edler and loses puck.
18:52 of 3rd period - Shot by Scott Hartnell.
18:52 of 3rd period - Shot Blocked by Jimmy Hayes.
18:54 of 3rd period - Shot by Mikael Granlund.
18:54 of 3rd period - Shot Misses the Net.
19:28 of 3rd period - Shot by Sven Baertschi.
19:28 of 3rd period - Shot Misses the Net.
19:31 of 3rd period - Icing by Stephen Johns.
19:32 of 3rd period - Patrik Berglund wins face-off versus Micheal Haley in Kings zone.
19:34 of 3rd period - Icing by Colton Sceviour.
19:35 of 3rd period - Patrik Berglund wins face-off versus Sven Baertschi in Kings zone.
Goals for this period are 0 for Kings vs 0 for Wild.
Shots for this period are 8 for Kings vs 4 for Wild.